 Dungeon Crawl Stone Soup version 0.30.1-6-gbe392663c4 (webtiles) character file.

Game seed: 9863311785877197442

31 ChiefBigBeans the Digger (level 3, -5/19 HPs)
             Began as a Gargoyle Earth Elementalist on Sept 22, 2023.
             Slain by Sigmund
             ... wielding a +0 scythe
              (8 damage)
             ... on level 2 of the Dungeon.
             The game lasted 00:04:19 (1116 turns).

ChiefBigBeans the Digger (GrEE)                     Turns: 1116, Time: 00:04:20

Health: -5/19      AC:  5    Str: 11    XL:     3   Next: 22%
Magic:  5/7        EV: 11    Int: 17    God:
Gold:   27         SH:  0    Dex: 10    Spells: 0/7 levels left

rFire   . . .        i - +0 dagger (drain)
rCold   . . .        (no shield)
rNeg    + . .        a - +0 robe
rPois   ∞            (no helmet)
rElec   +            (no cloak)
rCorr   .            (no gloves)
SInv    .            (no boots)
Will    .....        (no amulet)
Stlth   ++           (no ring)
HPRegen 0.23/turn    (no ring)
MPRegen 0.10/turn

%: no passive effects
@: no status effects
A: sickness immunity, AC +3, negative energy resistance 1, electricity
resistance, torment resistance 1, petrification resistance
a: no special abilities


You were on level 2 of the Dungeon.
You visited 1 branch of the dungeon, and saw 2 of its levels.

You collected 27 gold pieces.

Inventory:

Hand Weapons
 c - a +0 spear
 i - a +0 dagger of draining (weapon)
Armour
 a - a +0 robe (worn)
 f - a +1 helmet
Wands
 k - a wand of charming (10)
Scrolls
 h - 3 scrolls of identify {unknown}
 m - 2 scrolls of amnesia {unknown}
Potions
 b - a potion of magic
 d - a potion of ambrosia {unknown}
 e - a potion of brilliance {unknown}
 g - a potion of cancellation {unknown}
 j - a potion of attraction {unknown}
 l - a potion of mutation {unknown}


   Skills:
 - Level 1.5 Dodging
 - Level 2.1 Stealth
 + Level 2.7 Spellcasting
 * Level 0.1 Summonings
 - Level 0.7 Transmutations
 + Level 4.4 Earth Magic


You couldn't memorise any spells.
You knew the following spells:

 Your Spells              Type           Power      Damage    Failure   Level
a - Sandblast             Erth           34%        2d9       3%          1
b - Stone Arrow           Conj/Erth      18%        3d8       22%         3
c - Passwall              Tmut/Erth      9%         N/A       10%         2
d - Summon Small Mammal   Summ           8%         N/A       17%         1

Your spell library contained the following spells:

 Spells                   Type           Power      Damage    Failure   Level
 Call Canine Familiar     Summ           2%         N/A       45%         3
 Summon Guardian Golem    Hex/Summ       2%         N/A       47%         3
 Petrify                  Tmut/Erth      11%        N/A       52%         4


Dungeon Overview and Level Annotations

Branches:
Dungeon (2/15)

Altars:

Annotations:
D:2 Sigmund


Innate Abilities, Weirdness & Mutations

You are immune to sickness and miasma.
Your stone body is resilient. (AC +3)
You are immune to poison.
You resist negative energy. (rN+)
You are resistant to electric shocks. (rElec)
You are resistant to unholy torment.
You are immune to petrification.


Message History

Confirm with . or Enter, or press ? or * to list all spells.
Okay, then.
Casting: Sandblast (safe; 3% risk of failure)
Confirm with . or Enter, or press ? or * to list all spells.
Okay, then.
Hit: i) +0 dagger (drain)
Press: ? - help, Dir - move target, f - you
Okay, then.
Okay, then.
An endoplasm comes into view.
You can't see any susceptible monsters within range! (Use Z to cast anyway.)
Found 5 boomerangs.
The endoplasm quivers.
The blast of sand hits the endoplasm!
You kill the endoplasm!
l - a metallic green potion
m - 2 scrolls labelled SIDUOV NOARIGUS Sigmund the Dreaded comes into view.
He is wielding a +0 scythe.
Found 13 gold pieces.
You can't see any susceptible monsters within range! (Use Z to cast anyway.)
Found a stone staircase leading down.
Sigmund shouts!
The blast of sand hits Sigmund!
Sigmund is moderately wounded.
The blast of sand hits Sigmund!
Sigmund is heavily wounded.
Sigmund barely misses you.
The blast of sand hits Sigmund.
Sigmund is severely wounded.
Sigmund gestures wildly while chanting.
Sigmund flickers and vanishes!
Deactivating autopickup; reactivate with Ctrl-A.
Something hits you but does no damage.
You can't see any susceptible monsters within range! (Use Z to cast anyway.)
You barely miss something. Something hits you!
You closely miss something. Something hits you!
* * * LOW HITPOINT WARNING * * *
You miss something. You hit something. Something hits you!
You die...

.... #..#⌠#..### ....
#..###....# ...##
#.........# ....#
#.#.......# ....#
#...##....# # . ....#
###.##....####.#.#
....#####.##............
....##....##.###.......#
...###.#####.# #@.......
..##.....# #.# #{......#
##......## #.# .$.......
##....#.# ..##....##...
....##..# ......### ##
.......## #....>##
.....8.# ....###
.......# ....#
.......##.#..#


There were no monsters in sight!

Vanquished Creatures
  3 ball pythons
  6 endoplasms
  A giant cockroach (D:1)
  4 goblins (D:1)
  A hobgoblin (D:1)
  4 kobolds
  2 quokkas (D:1)
  3 bats
  3 rats
27 creatures vanquished.

Notes
Turn   | Place    | Note
-------+----------+-------------------------------------------
     0 | D:1      | ChiefBigBeans the Gargoyle Earth Elementalist began the
                  | quest for the Orb.
     0 | D:1      | Reached XP level 1. HP: 10/10 MP: 3/3
   153 | D:1      | Reached XP level 2. HP: 15/15 MP: 1/5
   202 | D:1      | Reached skill level 4 in Earth Magic
   634 | D:1      | Reached XP level 3. HP: 19/19 MP: 3/6
   784 | D:1      | Learned a level 3 spell: Stone Arrow
   787 | D:1      | Learned a level 2 spell: Passwall
  1039 | D:2      | Learned a level 1 spell: Summon Small Mammal
  1107 | D:2      | Noticed Sigmund
  1116 | D:2      | Slain by Sigmund

Illustrated notes

Levels and vault maps discovered:
D:1:      nagdon_arrival_zigzag_paths, layout_basic
D:2:      minmay_chambers_of_twos, layout_rooms, serial_shops, shop,
          serial_glass, glass_columns_a, glass_columns_b, feat_on_display,
          st_stairs_1, minmay_hexomino_r4, uniq_sigmund

Skill      XL: |  1  2 |
---------------+-------+-----
Earth Magic    | 4 |  4.4
Dodging        | |  1.5
Stealth        | |  2.1
Spellcasting   | |  2.7
Summonings     | |  0.1
Transmutations | |  0.7

Action                     || total
---------------------------++-------
  Melee: Spear             ||     3
         Dagger            ||     4
   Cast: Sandblast         ||    37
 Armour: Robe              ||     4
  Dodge: Dodged            ||     2
